Map: Newkirk Precinct TE (Void)

Players

SelendiS - Winner!

  • Race: Protoss Protoss
  • League: Diamond
  • Spawn Location: 5:00

Musumeci

  • Race: Zerg Zerg
  • League: Diamond
  • Spawn Location: 7:00

VOD

Have the link to the VOD?

Description

Time

  • Played on: Jan. 25, 2017, 3:38 p.m.
  • Length: 14:15
Show
View Real Time Build Order
Export as new Build Order

SelendiS Protoss - Winner!

Build Orders:  

Get SALT Encoding   

  12  0:03  Probe (Chrono Boost)  
  14  0:14  Probe (Chrono Boost)  
  14  0:36  Pylon  
  14  0:40  Probe (Chrono Boost)  
  15  0:54  Probe (Chrono Boost)  
  15  0:55  Gateway  
  16  1:05  Probe (Chrono Boost)  
  17  1:15  Probe (Chrono Boost)  
  18  1:26  Probe (Chrono Boost)  
  19  1:44  Cybernetics Core  
  19  1:47  Zealot, Pylon  
  19  1:51  Probe (Chrono Boost)  
  19  1:53  Assimilator  
  22  1:58  Assimilator  
  22  2:01  Probe (Chrono Boost)  
  22  2:04  Nexus  
  23  2:12  Probe (Chrono Boost)  
  25  2:23  Probe (Chrono Boost)  
  25  2:26  Zealot  
  27  2:30  Warp Gate  
  27  2:33  Probe (Chrono Boost)  
  28  2:44  Probe (Chrono Boost)  
  29  2:52  Assimilator, Zealot  
  31  3:01  Pylon  
  31  3:17  Probe (Chrono Boost)  
  31  3:18  Stalker  
  31  3:23  Mothership Core (Chrono Boost)  
  34  3:29  Probe (Chrono Boost)  
  35  3:36  Pylon  
  36  3:41  Probe (Chrono Boost)  
  36  3:42  Probe (Chrono Boost)  
  37  3:49  Sentry  
  37  3:53  Probe (Chrono Boost)  
  37  3:54  Probe (Chrono Boost)  
  41  4:04  Probe (Chrono Boost)  
  41  4:05  Probe (Chrono Boost)  
  41  4:06  Stargate  
  43  4:12  Gateway  
  43  4:15  Probe (Chrono Boost)  
  45  4:18  Probe (Chrono Boost)  
  39  4:25  Probe (Chrono Boost)  
  39  4:30  Probe (Chrono Boost)  
  41  4:31  Pylon  
  41  4:36  Stalker, Pylon  
  47  5:06  Stalker  
  47  5:11  Void Ray  
  45  5:15  Pylon  
  45  5:17  Pylon  
  45  5:25  Pylon  
  45  5:26  Pylon  
  45  5:37  Zealot x2  
  49  5:45  Probe x2 (Chrono Boost)  
  49  5:48  Void Ray  
  51  5:52  Pylon  
  51  5:53  Pylon  
  51  5:54  Assimilator  
  55  6:04  Stalker  
  55  6:05  Stalker, Gateway  
  55  6:06  Gateway  
  55  6:08  Gateway  
  59  6:21  Probe (Chrono Boost)  
  59  6:22  Probe (Chrono Boost)  
  59  6:25  Void Ray  
  61  6:31  Stalker  
  68  6:33  Probe (Chrono Boost)  
  68  6:44  Stargate  
  68  6:50  Pylon, Probe x2 (Chrono Boost)  
  71  7:02  Probe (Chrono Boost)  
  71  7:09  Oracle  
  71  7:11  Twilight Council  
  74  7:17  Protoss Air Weapons Level 1  
  74  7:30  Oracle  
  74  7:32  Nexus  
  74  7:35  Pylon  
  77  7:37  Pylon  
  77  7:40  Oracle  
  77  7:41  Charge  
  80  7:58  Probe x2 (Chrono Boost)  
  82  8:10  Oracle, Probe x2 (Chrono Boost)  
  82  8:12  Zealot  
  89  8:13  Zealot x4  
  97  8:29  Oracle  
  100  8:44  Probe x2 (Chrono Boost)  
  100  8:46  Oracle  
  100  8:48  Probe (Chrono Boost)  
  108  8:56  Forge, Probe x2 (Chrono Boost)  
  108  8:58  Probe (Chrono Boost)  
  108  9:00  Pylon  
  109  9:08  Probe x2 (Chrono Boost)  
  109  9:09  Probe (Chrono Boost)  
  112  9:11  Protoss Air Armor Level 1  
  112  9:15  Templar Archives  
  112  9:20  Zealot, Probe (Chrono Boost)  
  112  9:21  Zealot  
  117  9:24  Pylon  
  117  9:35  Probe x2 (Chrono Boost)  
  117  9:37  Gateway  
  117  9:38  Gateway, Protoss Ground Weapons Level 1, Assimilator  
  119  9:43  Assimilator  
  120  9:46  Probe (Chrono Boost)  
  120  9:47  Probe x2 (Chrono Boost)  
  122  9:59  Probe x2 (Chrono Boost)  
  115  10:05  Zealot x4  
  115  10:06  Zealot  
  119  10:14  Void Ray  
  119  10:20  Void Ray  
  127  10:30  Pylon  
  127  10:32  Pylon  
  124  10:53  Void Ray  
  124  11:03  Void Ray  
  132  11:04  High Templar  
  132  11:05  High Templar x3  
  140  11:11  Pylon  
  140  11:14  Pylon  
  140  11:17  Photon Cannon  
  140  11:21  Protoss Ground Armor Level 1  
  140  11:22  Photon Cannon  
  140  11:25  Photon Cannon  
  140  11:31  Forge  
  140  11:32  Pylon, Archon x2  
  140  11:33  Pylon  
  140  11:34  High Templar x2  
  144  11:41  Pylon  
  144  11:43  Photon Cannon  
  144  11:44  Photon Cannon x2  
  144  11:47  Photon Cannon  
  144  11:50  Photon Cannon  
  143  11:56  Stalker x2  
  143  11:57  Stalker  
  143  12:01  Nexus  
  143  12:03  Pylon  
  143  12:04  Pylon  
  143  12:06  Pylon, Probe (Chrono Boost)  
  143  12:07  Probe x2 (Chrono Boost)  
  144  12:12  Pylon  
  144  12:19  Probe (Chrono Boost)  
  145  12:28  High Templar x5  
  145  12:29  High Templar x2  
  159  12:33  Archon x4  
  159  12:38  Pylon  
  159  12:39  Pylon  
  159  12:56  Photon Cannon  
  159  13:00  Photon Cannon  
  159  13:01  Photon Cannon  
  159  13:02  High Templar, Photon Cannon  
  159  13:03  High Templar x2  
  159  13:04  Stalker  
  167  13:07  High Templar  
  167  13:08  High Templar  
  167  13:09  Archon  
  167  13:10  Archon  
  167  13:12  Archon  
  167  13:20  Photon Cannon  
  167  13:26  Probe x2 (Chrono Boost)  
  168  13:36  Probe (Chrono Boost)  
  168  13:38  Probe (Chrono Boost)  
  168  13:39  Probe (Chrono Boost)  
  170  13:46  Probe (Chrono Boost)  
  171  13:50  Probe (Chrono Boost)  
  172  13:58  Stalker x2  
  172  13:59  Stalker x5  
Show
View Real Time Build Order
Export as new Build Order

Musumeci Zerg 

Build Orders: Hatch First 

Get SALT Encoding   

  12  0:05  Drone  
  13  0:08  Drone  
  14  0:18  Extractor  
  13  0:21  Drone  
  13  0:25  Overlord  
  15  0:53  Hatchery  
  14  1:07  Spawning Pool  
  14  1:09  Drone  
  14  1:22  Drone x2  
  14  1:23  Drone  
  17  1:27  Extractor  
  16  1:33  Drone  
  17  1:46  Drone  
  18  2:05  Queen  
  21  2:09  Zergling x6  
  24  2:15  Overlord  
  24  2:19  Drone  
  25  2:22  Extractor  
  25  2:28  Drone x2  
  26  2:34  Roach Warren  
  23  2:49  Overlord  
  23  3:14  Roach x5  
  23  3:16  Roach  
  34  3:36  Roach x3  
  39  3:43  Roach  
  39  3:45  Ravager  
  41  3:52  Overlord  
  41  4:25  Ravager  
  41  4:29  Ravager  
  41  4:30  Ravager  
  44  4:34  Overlord  
  44  4:43  Overlord  
  35  5:09  Roach  
  35  5:10  Roach x5  
  45  5:19  Roach  
  45  5:20  Roach x2  
  38  5:44  Drone x6  
  38  5:48  Metabolic Boost  
  44  5:56  Drone x2  
  42  6:14  Spore Crawler  
  42  6:15  Spore Crawler x2  
  42  6:16  Spore Crawler  
  42  6:17  Drone  
  37  6:20  Drone  
  36  6:32  Spore Crawler  
  35  6:36  Ravager  
  37  6:40  Ravager x2  
  37  6:43  Ravager  
  39  6:47  Queen  
  39  6:48  Queen  
  43  7:14  Overlord x2  
  43  7:15  Overlord  
  43  7:22  Overlord  
  44  7:30  Drone x8  
  51  7:40  Lair  
  51  8:06  Drone x7  
  51  8:07  Drone x3  
  61  8:19  Hatchery  
  60  8:24  Spore Crawler  
  59  8:27  Spore Crawler x2  
  45  8:43  Queen x2  
  49  8:58  Extractor  
  49  8:59  Drone, Spire  
  49  9:00  Drone x6, Extractor  
  53  9:19  Queen  
  55  9:45  Drone x6  
  56  9:46  Drone x10  
  64  10:11  Mutalisk x6  
  76  10:16  Overseer  
  76  10:42  Mutalisk x2  
  58  11:17  Mutalisk x3  
  64  11:24  Drone x3  
  64  11:25  Drone x2  
  69  11:28  Hatchery  
  68  11:37  Hatchery  
  67  11:47  Zergling x12  
  67  11:48  Zergling x4  
  67  11:52  Baneling Nest  
  74  12:14  Hydralisk Den  
  73  12:30  Drone x3  
  76  12:43  Baneling x2  
  76  12:44  Baneling x3  
  76  12:46  Lurker Den  
  76  12:47  Hydralisk x3  
  82  12:53  Drone, Extractor  
  82  12:54  Drone x6  
  82  12:55  Overlord x4  
  82  12:57  Overlord x4, Extractor  
  87  13:02  Drone  
  88  13:13  Queen  
  77  13:50  Baneling  
  77  13:51  Baneling x4, Hydralisk x3  
  83  14:13  Lurker x3  
Tags
 
Add a new tag
Caveats
  • Supply blocks, unpowered buildings, or Contaminate may cause inaccurate times.
  • Supply counts are checked every 10 seconds.